 Dungeon Crawl Stone Soup version 0.30.0-29-ga12c61a403 (webtiles) character file.

Game seed: 2669393030641334917

7718 Peloso the Protected (level 11, -10/142 HPs)
             Began as a Minotaur Fighter on June 10, 2023.
             Mangled by a death yak (17 damage)
             ... on level 8 of the Dungeon.
             The game lasted 00:18:01 (9190 turns).

Peloso the Protected (Minotaur Fighter)             Turns: 9190, Time: 00:18:02

Health: -10/142    AC: 17    Str: 30    XL:     11   Next: 0%
Magic:  10/10      EV:  9    Int:  5    God:
Gold:   595        SH:  0    Dex: 11    Spells: 10/10 levels left

rFire   . . .        a - +1 scimitar (flame)
rCold   . . .        (no shield)
rNeg    . . .        x - +0 plate armour
rPois   .            F - +1 hat
rElec   .            C - +0 cloak
rCorr   +            (no gloves)
SInv    .            (no boots)
Will    .....        (no amulet) Stlth
                     A - +6 ring of strength
HPRegen 0.43/turn    E - ring of resist corrosion
MPRegen 0.12/turn

%: no passive effects
@: berserking, studying Unarmed Combat, very quick
A: horns 2, retaliatory headbutt
a: no special abilities


You were on level 8 of the Dungeon.
You visited 2 branches of the dungeon, and saw 10 of its levels.

You collected 595 gold pieces.

Inventory:

Hand Weapons
 a - a +1 scimitar of flaming (weapon)
 b - a +3 long sword
 c - the +6 short sword "Newtslayer" {venom, rPois rC- rN+ Str+4}
   (You found it on level 3 of the Dungeon)

   Str:       It affects your strength (+4).
   rC:        It makes you vulnerable to cold.
   rPois:     It protects you from poison.
   rN:        It protects you from negative energy.
Missiles
 y - a throwing net (quivered)
Armour
 d - a +0 buckler
 r - a +0 scale mail
 x - a +0 plate armour (worn)
 C - a +0 cloak (worn)
 F - a +1 hat (worn)
Jewellery
 A - a +6 ring of strength (left hand)
 E - a ring of resist corrosion (right hand)
Wands
 l - a wand of flame (24)
 v - a wand of roots (4)
 w - a wand of charming (18)
 D - a wand of quicksilver (20)
Scrolls
 g - a scroll of immolation
 k - 2 scrolls of acquirement {unknown}
 n - 2 scrolls of enchant weapon {unknown}
 o - 2 scrolls of amnesia {unknown}
 p - 6 scrolls of blinking {unknown}
 q - 2 scrolls of vulnerability {unknown}
 s - 2 scrolls of teleportation {unknown}
 t - a scroll of silence {unknown}
 u - a scroll of fear {unknown}
 z - a scroll of torment {unknown}
 B - a scroll of noise {unknown}
 G - a scroll of summoning {unknown}
Potions
 e - 2 potions of might
 f - 2 potions of flight
 h - a potion of magic
 i - 2 potions of haste
 j - 2 potions of resistance
 m - a potion of berserk rage


   Skills:
 + Level 8.7 Fighting
 + Level 8.5(9.8) Short Blades
 + Level 8.1(10.1) Long Blades
 + Level 11.3 Armour
 + Level 4.3 Dodging
 + Level 1.5 Stealth
 + Level 8.4 Shields
 + Level 0.1 Evocations


You had 10 spell levels left.
You didn't know any spells.
Your spell library contained the following spells:

 Spells                   Type           Power      Damage    Failure   Level
 Apportation              Tloc           0%         N/A       98%         1
 Necrotise                Necr           0%         1d4       98%         1
 Summon Small Mammal      Summ           0%         N/A       98%         1
 Gell's Gravitas          Tloc           0%         N/A       100%        3
 Teleport Other           Tloc           0%         N/A       100%        3
 Manifold Assault         Tloc           0%         N/A       100%        4
 Summon Ice Beast         Ice/Summ       0%         N/A       100%        4
 Summon Mana Viper        Hex/Summ       0%         N/A       100%        5
 Dispersal                Tloc           0%         N/A       100%        6
 Monstrous Menagerie      Summ           0%         N/A       100%        7
 Disjunction              Tloc           0%         N/A       100%        8


Dungeon Overview and Level Annotations

Branches:
Dungeon (9/15)             Temple (1/1) D:7            Lair (0/5) D:8
    Orc: D:9-12

Altars:
Ashenzari
Cheibriados
Dithmenos
Elyvilon
Fedhas
Gozag
Kikubaaqudgha
Makhleb
Nemelex Xobeh
Qazlal
Ru
Sif Muna
Uskayaw
Wu Jian
Xom
Yredelemnul
Zin
The Shining One

Annotations:
D:4 3 runed translucent doors, MacCMillion's ghost, novice TeSu


Innate Abilities, Weirdness & Mutations

You have a pair of horns on your head.
You reflexively headbutt those who attack you in melee.


Message History

You hit the death yak but do no damage.
You headbutt the death yak, but do no damage.
The death yak is heavily wounded.
You hit the death yak but do no damage.
You punch the death yak, but do no damage.
The death yak is heavily wounded.
The death yak completely misses you.
You hit the death yak. You burn the death yak.
The death yak is severely wounded.
The death yak gores you.
You hit the death yak but do no damage.
The death yak is heavily wounded.
The death yak barely misses you. You furiously retaliate!
You headbutt the death yak! You hit the death yak but do no damage.
The death yak is severely wounded.
The death yak gores you!
You barely miss the death yak. You headbutt the death yak!
The death yak is almost dead.
The death yak gores you!!
* * * LOW HITPOINT WARNING * * *
You barely miss the death yak.
The death yak is almost dead.
The death yak gores you!
* * * LOW HITPOINT WARNING * * *
You hit the death yak but do no damage.
The death yak is almost dead.
The death yak closely misses you. You furiously retaliate!
You headbutt the death yak!
Okay, then.
Okay, then.
A red film seems to cover your vision as you go berserk!
You feel yourself moving faster!
You feel mighty! The death yak gores you!
* * * LOW HITPOINT WARNING * * *
You hit the death yak. You burn the death yak.
The death yak is almost dead.
You barely miss the death yak. Your headbutt misses the death yak.
The death yak is almost dead.
The death yak gores you!
You die...

...# ##...........# ...#
##..........# ..##
##........## .##
##....<.## ## ##...### #
#..## ##### ##..# ##...#
### #..###....##
##.##########.†@......##
##....#........Y.[......#
.................[......##
........######...........#
.........# #...........#
##.......# ###.........#
######### ##.......##
##.....## ##....##


You could see a death yak.

Vanquished Creatures
  Erica (D:8)
  A death yak (D:8)
  Psyche (D:8)
  A polar bear (D:9)
  A slime creature (D:8)
  Sigmund (D:2)
  A shadow (D:9)
  2 wyverns
  5 yaks
  A steam dragon (D:8)
  2 water moccasins (D:8)
  3 black bears
  3 orc warriors
  2 sky beasts
  3 ice beasts
  2 ogres
  2 wolves (D:9)
  2 centaurs
  2 phantoms (D:5)
  4 kobold brigands
  4 bullfrogs
  3 scorpions
  9 wights
  6 killer bees (D:6)
  An electric eel (D:9)
  9 howler monkeys
  5 orc priests
  3 jellies
  Jessica (D:3)
  3 iguanas
  8 orc wizards
  A centaur simulacrum (D:9)
  7 gnolls
  5 adders
  4 white imps
  4 worms
  2 dart slugs
  35 orcs
  4 ball pythons
  6 endoplasms
  4 giant cockroaches
  3 goblins
  6 hobgoblins
  2 jackals (D:3)
  29 kobolds
  3 quokkas
  A bat (D:3)
  A frilled lizard (D:1)
  3 rats
212 creatures vanquished.

Notes
Turn   | Place    | Note
-------+----------+-------------------------------------------
     0 | D:1      | Peloso the Minotaur Fighter began the quest for the Orb.
     0 | D:1      | Reached XP level 1. HP: 19/19 MP: 0/0
   356 | D:1      | Reached XP level 2. HP: 27/27 MP: 1/1
   782 | D:1      | Found a faded altar of an unknown god.
   917 | D:2      | Reached skill level 4 in Armour
  1019 | D:2      | Reached XP level 3. HP: 30/33 MP: 2/2
  1274 | D:2      | Noticed Sigmund
  1403 | D:2      | Killed Sigmund
  1404 | D:2      | Reached skill level 5 in Armour
  1404 | D:2      | Reached skill level 1 in Dodging
  1404 | D:2      | Reached XP level 4. HP: 39/41 MP: 3/3
  1404 | D:2      | Reached XP level 5. HP: 45/47 MP: 4/4
  1613 | D:3      | Noticed Jessica
  1622 | D:3      | Killed Jessica
  1628 | D:3      | Reached XP level 6. HP: 25/53 MP: 5/5
  2125 | D:3      | Identified the +6 short sword "Newtslayer" {venom, rPois
                  | rC- rN+ Str+4}
  2517 | D:4      | Reached skill level 5 in Fighting
  2523 | D:4      | Reached skill level 1 in Short Blades
  2523 | D:4      | Reached skill level 5 in Long Blades
  2523 | D:4      | Reached skill level 5 in Shields
  2539 | D:4      | Reached XP level 7. HP: 34/61 MP: 6/6
  2638 | D:4      | Found an opulent altar of Gozag.
  2746 | D:4      | Reached skill level 6 in Armour
  2831 | D:4      | Found a runed translucent gate.
  2831 | D:4      | Found a runed translucent gate.
  2831 | D:4      | Found a runed translucent gate.
  2833 | D:4      | Noticed MacCMillion's ghost (novice TeSu)
  3053 | D:5      | Entered Level 5 of the Dungeon
  4241 | D:6      | Reached XP level 8. HP: 70/70 MP: 7/7
  4287 | D:6      | Reached skill level 1 in Stealth
  4301 | D:6      | Reached skill level 7 in Armour
  4723 | D:6      | Reached skill level 8 in Armour
  4748 | D:6      | Reached skill level 5 in Short Blades
  4940 | D:6      | Found a white marble altar of Elyvilon.
  5235 | D:7      | Found a stormy altar of Qazlal.
  5311 | D:7      | Found a staircase to the Ecumenical Temple.
  5320 | Temple   | Entered the Ecumenical Temple
  5420 | D:7      | Reached XP level 9. HP: 78/78 MP: 8/8
  5581 | D:7      | Found a sparkling altar of Nemelex Xobeh.
  5709 | D:7      | Found a broken altar of Ashenzari.
  5830 | D:7      | Reached skill level 9 in Armour
  6176 | D:7      | Reached skill level 10 in Armour
  6282 | D:8      | Found a staircase to the Lair.
  6338 | D:8      | Noticed Psyche
  6351 | D:8      | Killed Psyche
  6352 | D:8      | Reached XP level 10. HP: 77/86 MP: 9/9
  6975 | D:8      | Noticed Erica
  6992 | D:8      | Killed Erica
  8373 | D:9      | Found a blossoming altar of Fedhas.
  8386 | D:9      | Found a shadowy altar of Dithmenos.
  8458 | D:9      | Reached skill level 11 in Armour
  8870 | D:9      | Found a hide-covered altar of Uskayaw.
  8977 | D:9      | Noticed a death yak
  8982 | D:9      | Noticed a death yak
  9023 | D:8      | Killed a death yak
  9024 | D:8      | Reached XP level 11. HP: 47/95 MP: 10/10
  9188 | D:8      | HP: 7/142 [death yak (10)]
  9190 | D:8      | Mangled by a death yak

Illustrated notes

Levels and vault maps discovered:
D:1:      dpeg_arrival_round_c, layout_basic,
          dreamdust_ecumenical_altar_angels_and_demons
D:2:      layout_rooms, uniq_sigmund
D:3:      layout_loops_ring, dk_noncrumbling_2, uniq_jessica
D:4:      layout_cave_pools, nicolae_gozag_seed_capital,
          ebering_ghost_rock_garden, minmay_manual_mess
D:5:      layout_cave_pools
D:6:      layout_loops_ring, kennysheep_little_box
D:7:      layout_rooms, mainiacjoe_overflow_small_starburst,
          mainiacjoe_overflow_surrounded_room, general_overflow_altar,
          minmay_temple_entry_drinking_statues, minmay_misc_feat_doors,
          serial_bayou_crossing
D:8:      layout_cave_pods, due_lair_maze_entry_diamond, serial_column_ruins,
          column_ruins_hut, column_ruins_hut_ruined, column_ruins_grid_1,
          column_ruins_corridor_straight, column_ruins_open_medium,
          column_ruins_open_small, column_ruins_corridor_straight,
          column_ruins_open_tiny, uniq_psyche, uniq_erica
D:9:      layout_basic, mainiacjoe_overflow_concentric_impassable,
          mainiacjoe_overflow_brackets, trog_hazing_becter,
          nicolae_vehumet_radiance, jmf_multi_god_temple, serial_ice,
          serial_ice_h, serial_ice_l, serial_ice_m, serial_ice_f
Temple:   cyrus_temple_forest

Skill      XL: |  1  2  3  4  5  6  7  8  9 10 |
---------------+-------------------------------+-----
Fighting       | 4 5 6 7 8 |  8.7
Shields        | 4 5 7 8 |  8.4
Armour         | 4 5 6 8 10 11 | 11.3
Long Blades    | 4 5 8 |  8.1
Dodging        | 1 2 3 4 |  4.3
Short Blades   | 1 3 5 7 8 |  8.5
Stealth        | 1 |  1.5
Evocations     | |  0.1

Action                     |  1- 3 |  4- 6 |  7- 9 | 10-12 || total
---------------------------+-------+-------+-------+-------++-------
  Melee: Long sword        |    74 |    45 |       |       ||   119
         Headbutt          |     8 |    15 |    67 |    35 ||   125
         Short sword       |       |    39 |   322 |    38 ||   399
         Scimitar          |       |       |       |   185 ||   185
         Punch             |       |       |       |     1 ||     1
  Evoke: Wand              |       |       |       |     2 ||     2
    Use: Potion            |     2 |       |       |     2 ||     4
         Scroll            |       |     5 |     2 |     2 ||     9
 Armour: Scale mail        |    39 |    33 |    27 |       ||    99
         Plate armour      |       |       |   107 |   163 ||   270
  Dodge: Dodged            |    31 |    43 |   128 |   128 ||   330
  Block: Buckler           |    22 |    27 |    76 |    43 ||   168
